 Dungeon Crawl Stone Soup version 0.31-a0-204-g7da18cac08 (webtiles) character file.

Game seed: 4928665783721504126

8 Dylgear the Shield-Bearer (level 2, -1/24 HPs)
             Began as a Formicid Fighter on June 27, 2023.
             Succumbed to a goblin's poison
             ... on level 1 of the Dungeon.
             The game lasted 00:00:47 (451 turns).

Dylgear the Shield-Bearer (Formicid Fighter)         Turns: 451, Time: 00:00:47

Health: -1/24      AC:  6    Str: 20    XL:     2   Next: 15%
Magic:  2/2        EV:  9    Int:  7    God:
Gold:   20         SH:  5    Dex: 13    Spells: 1/1 levels left

rFire   . . .        a - +0 war axe
rCold   . . .        c - +0 buckler
rNeg    . . .        b - +0 scale mail
rPois   .            (helmet unavailable)
rElec   .            (no cloak)
rCorr   .            (no gloves)
SInv    +            (no boots)
Will    .....        (no amulet) Stlth
                     (no ring)
HPRegen 0.24/turn    (no ring)
MPRegen 0.08/turn

%: no passive effects
@: mighty, lethally poisoned (-1 -> -11)
A: permanent stasis, dig shafts and tunnels, antennae 3, four strong arms
a: Dig, Shaft Self


You were on level 1 of the Dungeon.
You visited 1 branch of the dungeon, and saw 1 of its levels.

You collected 20 gold pieces.

Inventory:

Hand Weapons
 a - a +0 war axe (weapon)
Armour
 b - a +0 scale mail (worn)
 c - a +0 buckler (worn)
Scrolls
 e - 2 scrolls of identify {unknown}
 f - 3 scrolls of vulnerability {unknown}
 g - 2 scrolls of fear {unknown}
 h - a scroll of poison {unknown}
 i - a scroll of fog {unknown}
 j - a scroll of noise {unknown}


   Skills:
 + Level 3.4 Fighting
 + Level 2.1 Axes
 + Level 3.4 Armour
 + Level 0.2 Dodging
 + Level 4.2 Shields


You had one spell level left.
You didn't know any spells.
Your spell library was empty.

Dungeon Overview and Level Annotations

Branches:
Dungeon (1/15)

Altars:


Innate Abilities, Weirdness & Mutations

You cannot be hasted, slowed, berserked, paralysed or teleported.
You can dig through walls and to a lower floor.
You have a pair of large antennae on your head. (SInv)
Your four strong arms can wield two-handed weapons with a shield.


Message History

You closely miss the goblin.
You feel very sick.
The goblin hits you with a +2 dagger of venom.
You are more poisoned.
The goblin hits you with a +2 dagger of venom.
You are lethally poisoned!
You slash the goblin!
You kill the goblin!
* * * LOW HITPOINT WARNING * * *
You feel extremely sick.
You are too injured to fight recklessly!
You are too injured to fight recklessly!
You are too injured to fight recklessly!
You feel very mighty all of a sudden.
* * * LOW HITPOINT WARNING * * *
You feel very sick.
Unknown command.
Unknown command.
Unknown command.
Unknown command.
Unknown command.
Unknown command.
Unknown command.
Unknown command.
Unknown command.
Unknown command.
Unknown command.
Unknown command.
Unknown command.
Unknown command.
Unknown command.
Unknown command.
Unknown command.
Unknown command.
Unknown command.
* * * LOW HITPOINT WARNING * * *
You feel sick.
Unknown command.
Unknown command.
You die...

##...####
#.......####
#.......+
+............
##...####
##.#...#.####
#.......# {
#.##..#.# #.##.##[#
# #..#.# #. #.##.#
{ #.##.# #. #.##.#
#+### #. #.# ..
..##.# #.#.## ..
..# ####.# #.@#.#
###
..#####.#####.###)#
.............## #.#
........###...#
{... ....#####
##...# ### ###
##.#.# ####


There were no monsters in sight!

Vanquished Creatures
  A giant cockroach (D:1)
  A hobgoblin (D:1)
  A ball python (D:1)
  A bat (D:1)
  A frilled lizard (D:1)
  2 goblins (D:1)
  2 rats (D:1)
9 creatures vanquished.

Notes
Turn   | Place    | Note
-------+----------+-------------------------------------------
     0 | D:1      | Dylgear the Formicid Fighter began the quest for the Orb.
     0 | D:1      | Reached XP level 1. HP: 18/18 MP: 1/1
   368 | D:1      | Reached XP level 2. HP: 24/24 MP: 2/2
   450 | D:1      | HP: 1/24 [poisoned by a goblin]
   451 | D:1      | Succumbed to a goblin's poison

Illustrated notes

Levels and vault maps discovered:
D:1:      minmay_arrival_glassed_features, layout_loops_corners

Action                     || total
---------------------------++-------
  Melee: War axe           ||    20
    Use: Potion            ||     1
 Armour: Scale mail        ||     3
  Dodge: Dodged            ||     9
  Block: Buckler           ||     2

Table legend: (Time is in decaauts)
 A = Elapsed time spent in this place.
 B = Non-inter-level travel time spent in this place.
 C = Inter-level travel time spent in this place.
 D = Time resting spent in this place.
 E = Time spent auto-exploring this place.
 F = Levels seen in this place.
 G = Mean time per level.
                   A        B        C        D        E       F      G
               +--------+--------+--------+--------+--------+-----+--------+
         Total |    459 |    459 |      0 |      0 |    394 |   1 |  459.0 |
       Dungeon |    459 |    459 |      0 |      0 |    394 |   1 |  459.0 |
               +--------+--------+--------+--------+--------+-----+--------+

Top non-repeatable levels by time:
     D:1: 459 daAuts
